 Dungeon Crawl Stone Soup version 0.29.0-4-gdea44cf6ec (webtiles) character file.

Game seed: 13196795358396941233

18 qw the Chopper (level 2, -2/17 HPs)
             Began as a Tengu Warper on Aug 28, 2022.
             Slain by an adder (3 damage)
             ... on level 2 of the Dungeon.
             The game lasted 00:00:03 (617 turns).

qw the Chopper (Tengu Warper)                        Turns: 617, Time: 00:00:03

Health: -2/17      AC:  3    Str: 11    XL:     2   Next: 66%
Magic:  6/6        EV: 11    Int: 13    God:
Gold:   3          SH:  0    Dex: 13    Spells: 5/5 levels left

rFire   . . .      SeeInvis .   a - +0 hand axe
rCold   . . .      Faith    .   (no shield)
rNeg    . . .      Spirit   .   b - +0 leather armour
rPois   .          Reflect  .   (helmet restricted)
rElec   .          Harm     .   (no cloak)
rCorr   .          Rampage  .   (no gloves)
Will    .....                   (boots unavailable)
Stlth   +.........              (no amulet)
HPRegen 0.05/turn               (no ring)
MPRegen 0.10/turn               (no ring)

@: lethally poisoned (-2 -> -3)
A: beak, talons 3
a: no special abilities


You were on level 2 of the Dungeon.
You visited 1 branch of the dungeon, and saw 2 of its levels.

You collected 3 gold pieces.


Innate Abilities, Weirdness & Mutations

You have a beak for a mouth.
You have claws for feet.


   Skills:
 - Level 2.0 Fighting
 + Level 3.5 Axes
 - Level 1.0 Throwing
 - Level 1.1 Armour
 - Level 2.1 Dodging
 - Level 2.0 Spellcasting
 - Level 2.4 Translocations


You had 5 spell levels left.
You didn't know any spells.
Your spell library contained the following spells:

 Spells                   Type           Power      Damage    Failure   Level
 Blink                    Tloc           14%        N/A       19%         2
 Gell's Gravitas          Tloc           7%         N/A       36%         3
 Lesser Beckoning         Tloc           7%         N/A       36%         3
 Teleport Other           Tloc           7%         N/A       36%         3
 Manifold Assault         Tloc           7%         N/A       98%         5

Inventory:

Hand Weapons
 a - a +0 hand axe (weapon)
 d - a +0 club
Armour
 b - a +0 leather armour (worn)
Scrolls
 c - a scroll of blinking
Potions
 e - a potion of mutation {unknown}
 f - a potion of brilliance {unknown}

Dungeon Overview and Level Annotations

Branches:
Dungeon (1/15)

Altars:


Message History

You kill the bat!
You miss the frilled lizard. Your kick misses the frilled lizard.
You peck the frilled lizard.
The frilled lizard is heavily wounded.
The frilled lizard bites you but does no damage.
You closely miss the frilled lizard. Your kick misses the frilled lizard.
The frilled lizard is heavily wounded.
You hit the adder. The adder bites you but does no damage.
The frilled lizard closely misses you. The frilled lizard bites you.
The adder bites you.
You barely miss the frilled lizard. Your peck misses the frilled lizard.
The frilled lizard is heavily wounded.
You miss the adder. The adder bites you. The frilled lizard barely misses you.
You closely miss the adder. Your kick misses the adder.
The adder is moderately wounded.
You closely miss the frilled lizard. The adder bites you.
You are poisoned.
The adder poisons you! The frilled lizard closely misses you.
The adder bites you.
You closely miss the adder.
The adder is moderately wounded.
You miss the frilled lizard.
You feel sick. The adder barely misses you.
The frilled lizard barely misses you.
You closely miss the adder. Your kick misses the adder.
Your peck misses the adder.
The adder is moderately wounded.
You miss the frilled lizard.
You feel sick. The adder bites you.
The frilled lizard bites you but does no damage.
The adder barely misses you.
You closely miss the adder. Your kick misses the adder.
The adder is moderately wounded.
You closely miss the frilled lizard.
You feel sick.
The frilled lizard bites you but does no damage.
The adder bites you.
You die...

#........## .........>#
..........# ..........#
. ..........# ####### ..
..........# #.....#...
#.........# #.........
##........#####.....#...
###.............@l...!..
....%.....#......S......
..#...........>.....#...
..............#.....# $.
......#.....###.....#
..##........# #...###
..#.......... #.###
##......##.#.#..#
..........


You could see an adder and a frilled lizard.

Vanquished Creatures
  A worm (D:2)
  2 endoplasms (D:2)
  A giant cockroach (D:2)
  2 goblins (D:1)
  2 hobgoblins (D:1)
  A quokka (D:2)
  3 bats
  A kobold (D:2)
13 creatures vanquished.

Notes
Turn   | Place    | Note
-------+----------+-------------------------------------------
     0 | D:1      | qw the Tengu Warper began the quest for the Orb.
     0 | D:1      | Reached XP level 1. HP: 12/12 MP: 4/4
     0 | D:1      | 0 ||| qw: Version: 0.1-a-89-g26bdef1
     0 | D:1      | 0 ||| qw: Game counter: 1889
     0 | D:1      | 0 ||| qw: Always use a shield: true
     0 | D:1      | 0 ||| qw: God list: Okawaru
     0 | D:1      | 0 ||| qw: Allow faded altars: false
     0 | D:1      | 0 ||| qw: Do Orc after D:15 true
     0 | D:1      | 0 ||| qw: Do second Lair branch before Depths: true
     0 | D:1      | 0 ||| qw: Lair rune preference: random
     0 | D:1      | 0 ||| qw: Plans: Normal
     0 | D:1      | 0 ||| PLANNING D:1-11
   126 | D:1      | You fall into a shaft and drop 1 floor!
   149 | D:2      | Reached skill level 3 in Axes
   149 | D:2      | Reached XP level 2. HP: 10/17 MP: 6/6
   616 | D:2      | HP: 2/17 [adder (4)]
   617 | D:2      | Slain by an adder

Levels and vault maps discovered:
D:1:      saegor_arrival_simple_b, layout_basic, serial_shops,
          nicolae_shop_competitors_out_of_business, shop, nicolae_shop_stone,
          nicolae_shop_bloodbath_and_beyond, chequers_serial_rivers_micro_d
D:2:      layout_rooms, kennysheep_generic_room_13, uniq_terence

Skill      XL: |  1 |
---------------+----+-----
Axes           | 3 |  3.5
Fighting       | |  2.0
Throwing       | |  1.0
Armour         | |  1.1
Dodging        | |  2.1
Spellcasting   | |  2.0
Translocations | |  2.4

Action                   || total
-------------------------++-------
Melee: Hand axe          ||    38
       Kick              ||     8
       Peck              ||     8
Throw: Boomerang         ||     7
Armor: Leather armour    ||    12
Dodge: Dodged            ||    15

Table legend:
 A = Non-vault XP
 B = Vault XP
 C = Vault XP percentage of total XP
 D = Non-vault monster count
 E = Vault monster count
 F = Vault count percentage of total count
                 A         B        C        D         E       F
            +---------+---------+-------+---------+---------+-------
      Total |      26 |       0 |   0.0 |      13 |       0 |   0.0
            +---------+---------+-------+---------+---------+-------
        D:1 |       9 |       0 |   0.0 |       5 |       0 |   0.0
        D:2 |      17 |       0 |   0.0 |       8 |       0 |   0.0
            +---------+---------+-------+---------+---------+-------
